 Dungeon Crawl Stone Soup version 0.23-a0-644-gb60d84b (webtiles) character file.

5126 Borgoz the Grappler (level 10, -4/90 HPs)
             Began as a Ghoul Gladiator on Jan 1, 2019.
             Slain by an orc knight
             ... wielding a +3 war axe
              (17 damage)
             ... on level 8 of the Dungeon.
             The game lasted 00:15:19 (7310 turns).

Borgoz the Grappler (Ghoul Gladiator)               Turns: 7310, Time: 00:15:20

Health: -4/90      AC: 11    Str: 24    XL:     10   Next: 58%
Magic:  10/10      EV: 15    Int:  3    God:
Gold:   475        SH:  2    Dex: 13    Spells: 9/9 levels left

rFire    + . .     SeeInvis .     - Unarmed
rCold    + . .     Gourm    .   (no shield)
rNeg     + + +     Faith    .   h - +0 scale mail
rPois    ∞         Spirit   .   b - +0 helmet
rElec    .         Reflect  +   r - +1 cloak
rCorr    .         Harm     .   (no gloves)
MR       .....                  (no boots)
Stlth    ..........             e - +2 amulet of reflection
HPRegen  0.00/turn              u - +1 ring of evasion
MPRegen  0.12/turn              J - ring of protection from fire

@: mighty, rotting
A: rotting body, claws 1, carnivore, cold resistance 1, negative energy
resistance 3, inhibited regeneration, torment resistance, unbreathing
a: no special abilities


You were on level 8 of the Dungeon.
You were not hungry.

You visited 2 branches of the dungeon, and saw 9 of its levels.
You also visited: Ossuary.

You collected 475 gold pieces.

Inventory:

Hand Weapons
 o - a +4 quarterstaff of chaos
Missiles
 c - 5 throwing nets (quivered)
Armour
 b - a +0 helmet (worn)
 g - the +3 pair of gloves of Niroetety {Dex+3}
   (You found it on level 6 of the Dungeon)

   It affects your dexterity (+3).
 h - a +0 scale mail (worn)
 r - a +1 cloak (worn)
Jewellery
 e - a +2 amulet of reflection (around neck)
 u - a +1 ring of evasion (left claw)
 w - an uncursed amulet of faith
 D - an uncursed ring of wizardry
 G - an uncursed ring of protection from cold
 H - an uncursed amulet of the gourmand
 J - a ring of protection from fire (right claw)
 L - an uncursed ring of positive energy
Wands
 x - a wand of enslavement (10)
 y - a wand of digging (6)
Scrolls
 j - a scroll of teleportation
 l - a scroll of magic mapping
 m - 4 scrolls of remove curse
 n - 2 scrolls of enchant weapon
 C - a scroll of immolation {unknown}
 E - a scroll of blinking {unknown}
 F - a scroll of fog {unknown}
 I - 2 scrolls of identify
Potions
 a - a potion of degeneration
 f - a potion of flight
 i - 3 potions of might
 k - 3 potions of ambrosia
 p - 2 potions of mutation
 q - 2 potions of lignification
 s - a potion of berserk rage
 t - 2 potions of curing
 v - a potion of agility {unknown}
 z - a potion of haste {unknown}
 A - a potion of cancellation {unknown}
 B - 3 potions of resistance
Comestibles
 d - 17 rations


   Skills:
 + Level 8.6 Fighting
 - Level 1.7 Throwing
 + Level 6.8 Armour
 + Level 7.4 Dodging
 + Level 9.0 Unarmed Combat
 + Level 1.9 Evocations


You had 9 spell levels left.
You didn't know any spells.
Your spell library contained the following spells:

 Spells                   Type           Power        Failure   Level  Hunger
 Shock                    Conj/Air       #...         80%         1    ##.....
 Sting                    Conj/Pois      #...         80%         1    ##.....
 Olgreb's Toxic Radiance  Pois           #.......     100%        4    #####..
 Summon Lightning Spire   Summ/Air       #.......     100%        4    #####..
 Lightning Bolt           Conj/Air       #.........   100%        5    ######.
 Venom Bolt               Conj/Pois      #.........   100%        5    ######.


Dungeon Overview and Level Annotations

Branches:
Dungeon (8/15)             Temple (1/1) D:5
   Lair: D:8-11

Altars:
Ashenzari
Cheibriados
Dithmenos
Elyvilon
Fedhas
Gozag
Hepliaklqana
Kikubaaqudgha
Makhleb
Nemelex Xobeh
Okawaru
Qazlal
Ru
Sif Muna
Uskayaw
Vehumet
Wu Jian
Xom
Yredelemnul
Zin
The Shining One

Shops:
D:6 *

Annotations:
D:8 2 transporters, Lanoc's ghost, novice GnWn


Innate Abilities, Weirdness & Mutations

Your body is rotting away.
You thrive on raw meat.
You are immune to poison.
You have sharp fingernails.
You are carnivorous and can eat meat at any time.
Your flesh is cold resistant. (rC+)
You are immune to negative energy. (rN+++)
You do not regenerate when monsters are visible.
You are immune to unholy pain and torment.
You can survive without breathing.


Message History

The orc knight hits you with a +3 war axe!!
* * * LOW HITPOINT WARNING * * *
You are confused.
You feel invigorated. The orc knight misses you.
You see here a helmet.
You scratch the orc knight.
The orc knight is severely wounded.
The orc knight completely misses you.
You bump into the metal wall.
You bump into the metal wall.
The orc knight hits you with a +3 war axe!
* * * LOW HITPOINT WARNING * * *
You're too confused!
You closely miss the orc knight.
The orc knight is severely wounded.
The orc knight hits you with a +3 war axe!
* * * LOW HITPOINT WARNING * * *
You feel better.
You feel less invigorated.
The orc knight hits you with a +3 war axe!
You die...

#.######...........#.#.#.#.#.#...
.....[.#.#####.#########.########
#.####.#.#.........#.........##.#
#.####.#.#.#######.#.#######.#...
#......#.#.#(...[#.#.#.....#.##.#
######.#.#.##...##.#.#.###.#.#.#.
# #.#...#(...)#...'.#|'.#....#
########.#.##...##.#.#.###.#.#.#.
.........#.#)[)o@#.#.#.....#.##.#
#######..#.###'###.#.#######.#...
#..#....)[...#....(....##.#
#..#####.#########.########
#............#.#.#.#...#...
#.##########.#...#)#..##.#. #.#
#.........#.#. #+# ###....####.#.
.....#.......#.


You could see an orc knight.

Vanquished Creatures
  Harold (D:7)
  A troll (D:8)
  A slime creature (D:8)
  2 hippogriffs
  5 orc warriors
  3 black bears
  7 ogres
  A sky beast (D:5)
  A phantom (D:5)
  2 centaurs (D:8)
  A big kobold (D:5)
  4 bullfrogs
  6 water moccasin zombies (Ossuary)
  3 howler monkeys (D:7)
  6 wights (D:8)
  3 crimson imps
  2 centaur zombies
  2 hounds
  A bullfrog skeleton (D:6)
  4 orc priests
  Crazy Yiuf (D:2)
  5 worker ants
  5 orc wizards
  An iguana (D:8)
  A hound skeleton (D:8)
  2 mummies (Ossuary)
  A howler monkey zombie (D:8)
  7 adders
  8 gnolls
  2 adder zombies (Ossuary)
  3 adder skeletons
  2 worms
  2 dart slugs
  2 leopard geckos
  18 orcs
  4 giant cockroaches
  A gnoll zombie (Ossuary)
  8 goblins
  3 hobgoblins
  14 jackals
  6 quokkas
  2 ball pythons
  4 bats
  2 frilled lizards
  8 hobgoblin zombies (Ossuary)
  A jackal skeleton (D:5)
  8 kobolds
  3 kobold zombies (Ossuary)
  A leopard gecko zombie (D:8)
  3 orc zombies (Ossuary)
  A quokka skeleton (D:4)
  9 rats
194 creatures vanquished.

Vanquished Creatures (others)
  An orc (D:5)
  5 toadstools (D:2)
6 creatures vanquished.

Grand Total: 200 creatures vanquished

Notes
Turn   | Place    | Note
-------+----------+-------------------------------------------
     0 | D:1      | Borgoz the Ghoul Gladiator began the quest for the Orb.
     0 | D:1      | Reached XP level 1. HP: 17/17 MP: 0/0
   135 | D:1      | Reached XP level 2. HP: 25/25 MP: 1/1
   382 | D:1      | Reached XP level 3. HP: 30/30 MP: 2/2
   782 | D:2      | Reached skill level 1 in Armour
  1187 | D:2      | Found a runed door.
  1351 | D:2      | Noticed Crazy Yiuf
  1357 | D:2      | Killed Crazy Yiuf
  1357 | D:2      | Reached XP level 4. HP: 26/37 MP: 3/3
  1406 | D:3      | Reached skill level 4 in Unarmed Combat
  1450 | D:3      | Reached XP level 5. HP: 32/45 MP: 4/4
  2238 | D:4      | Reached XP level 6. HP: 45/52 MP: 5/5
  2316 | D:4      | Found a burning altar of Makhleb.
  2316 | D:4      | Noticed a balrug
  2467 | D:5      | Entered Level 5 of the Dungeon
  3268 | D:4      | Reached skill level 5 in Unarmed Combat
  3279 | D:4      | Reached XP level 7. HP: 10/59 MP: 6/6
  3896 | D:5      | Found a staircase to the Ecumenical Temple.
  3906 | Temple   | Entered the Ecumenical Temple
  4034 | D:5      | Reached skill level 5 in Fighting
  4075 | D:5      | Noticed a hippogriff
  4081 | D:5      | Reached XP level 8. HP: 56/68 MP: 7/7
  4090 | D:5      | Killed a hippogriff
  4090 | D:5      | Reached skill level 5 in Dodging
  4090 | D:5      | Reached skill level 6 in Unarmed Combat
  4572 | D:6      | Found Ygal's Assorted Antiques.
  4624 | D:6      | Found a radiant altar of Vehumet.
  4758 | D:6      | Found a hide-covered altar of Uskayaw.
  4802 | D:6      | Reached XP level 9. HP: 45/78 MP: 8/8
  4816 | D:6      | Reached skill level 7 in Unarmed Combat
  5099 | D:6      | Got a pair of heavily runed gloves
  5105 | D:6      | Identified the +3 pair of gloves of Niroetety {Dex+3} (You
                  | found it on level 6 of the Dungeon)
  5149 | D:6      | Found an ancient bone altar of Kikubaaqudgha.
  5149 | D:6      | Found an iron altar of Okawaru.
  5171 | D:7      | Reached skill level 5 in Armour
  5203 | D:7      | Found a sand-covered staircase.
  5217 | Ossuary  | Entered an ossuary
  5582 | D:7      | Noticed Harold
  5613 | D:7      | Killed Harold
  5917 | D:7      | Reached skill level 8 in Unarmed Combat
  6209 | D:8      | Noticed a yaktaur
  6251 | D:8      | Reached XP level 10. HP: 68/88 MP: 9/9
  6461 | D:8      | Identified the Handbook of the Birds and Envenoming
  6532 | D:8      | Found a transporter.
  6637 | D:8      | Noticed Lanoc's ghost (novice GnWn)
  6640 | D:8      | Reached skill level 1 in Evocations
  6789 | D:8      | Found a transporter.
  6960 | D:8      | Found a stormy altar of Qazlal.
  7161 | D:8      | Noticed an orc knight
  7210 | D:8      | Reached skill level 9 in Unarmed Combat
  7309 | D:8      | HP: 3/90 [orc knight/+3 war axe (10)]
  7310 | D:8      | Slain by an orc knight

Vault maps used:
D:1:      scummos_arrival_forest
D:2:      minmay_gold_behind_fungi, uniq_crazy_yiuf_cottage
D:3:      first_ration
D:4:      makhleb_altar_promises_db, sigmund_army
D:5:      minmay_temple_entry_trees
D:6:      vehumet_crystals, nicolae_overflow_hidden_temple, serial_shops,
          kennysheep_mini_moat
D:7:      chequers_ossuary_entry_cave, nicolae_ru_path_of_blood, uniq_harold
D:8:      minmay_the_grid_plus, marbit_many_paths, gammafunk_ghost_arena
Temple:   regret_index_temple_waves
Ossuary:  ossuary_tomb_2

Skill      XL: |  1  2  3  4  5  6  7  8  9 10 |
---------------+-------------------------------+-----
Dodging        | 3 4 5 6 7 |  7.4
Armour         | 1 2 3 4 6 |  6.8
Fighting       | 3 4 5 6 7 8 |  8.6
Unarmed Combat | 4 5 6 8 9 |  9.0
Evocations     | 1 |  1.9
Throwing       | |  1.7

Action                   |  1- 3 |  4- 6 |  7- 9 | 10-12 || total
-------------------------+-------+-------+-------+-------++-------
Melee: Unarmed           |   104 |   223 |   459 |   148 ||   934
       Punch             |       |     4 |    15 |     6 ||    25
Throw: Throwing net      |       |       |     1 |       ||     1
  Use: Potion            |       |     4 |     7 |     3 ||    14
       Scroll            |       |       |     8 |     1 ||     9
 Stab: Held in net/web   |       |       |     2 |       ||     2
  Eat: Chunk             |     9 |    14 |    34 |    17 ||    74
Armor: Leather armour    |     8 |       |       |       ||     8
       Scale mail        |    32 |   122 |   188 |    31 ||   373
Dodge: Dodged            |    56 |   186 |   292 |    69 ||   603
Block: Other             |     3 |    22 |    31 |     5 ||    61
       Reflection        |       |     1 |     1 |       ||     2

Table legend:
 A = Non-vault XP
 B = Vault XP
 C = Vault XP percentage of total XP
 D = Non-vault monster count
 E = Vault monster count
 F = Vault count percentage of total count
                 A         B        C        D         E       F
            +---------+---------+-------+---------+---------+-------
      Total |    3891 |    3433 |  46.9 |     146 |      49 |  25.1
            +---------+---------+-------+---------+---------+-------
        D:1 |      36 |       0 |   0.0 |      22 |       0 |   0.0
        D:2 |      28 |      37 |  56.9 |       9 |       1 |  10.0
        D:3 |     177 |       0 |   0.0 |      27 |       0 |   0.0
        D:4 |     215 |       8 |   3.6 |      12 |       3 |  20.0
        D:5 |    1139 |       0 |   0.0 |      35 |       0 |   0.0
        D:6 |     800 |       0 |   0.0 |      12 |       0 |   0.0
        D:7 |     665 |     987 |  59.7 |      15 |       1 |   6.2
        D:8 |     831 |    1871 |  69.2 |      14 |      19 |  57.6
    Ossuary |       0 |     530 | 100.0 |       0 |      25 | 100.0
            +---------+---------+-------+---------+---------+-------
